 Dungeon Sprint DCSS version 0.21.2 (webtiles) character file.

279 Fang the Fighter (level 6, 0/45 HPs)
             Began as a Gargoyle Berserker on Oct 9, 2018.
             Was an Elder of Trog.
             Slain by a vampire (5 damage)
             ... in the Dungeon (Sprint IX: "|||||||||||||||||||||||||||||").
             The game lasted 00:00:44 (197 turns).

Fang the Fighter (Gargoyle Berserker)                Turns: 197, Time: 00:00:45

Health: 0/45       AC: 18    Str: 25    XL:     6   Next: 26%
Magic:  6/6        EV:  8    Int:  8    God:    Trog [****..]
Gold:   0          SH:  0    Dex:  9    Spells: 5/5 levels left

rFire    . . .     SeeInvis .   n - +1 broad axe (freeze)
rCold    . . .     Gourm    .   (no shield)
rNeg     + . .     Faith    .   q - +0 plate armour
rPois    ∞         Spirit   .   (no helmet)
rElec    +         Reflect  .   (no cloak)
rCorr    .         Harm     .   (no gloves)
MR       .....     NoTele   +   (no boots)
Stlth    ..........             (no amulet)
HPRegen  0.15/turn              o - +2 ring of protection
MPRegen  0.10/turn              p - +3 ring of strength

@: confused, berserk cooldown, slowed, very slow
A: negative energy resistance 1, electricity resistance, unbreathing,
petrification resistance, rot immunity, AC +4
a: Berserk, Trog's Hand, Brothers in Arms, Burn Spellbooks, Renounce Religion


You were in the Dungeon.
You worshipped Trog.
Trog was greatly pleased with you.
You were not hungry.

You visited 1 branch

Inventory:

Hand Weapons
 n - a +1 broad axe of freezing (weapon)
Armour
 q - a +0 plate armour (worn)
Jewellery
 o - a +2 ring of protection (left hand)
 p - a +3 ring of strength (right hand)
Wands
 m - a wand of acid (10)
Scrolls
 i - 2 scrolls of blinking
 l - 3 scrolls of remove curse
Potions
 d - 5 potions of curing
 e - 3 potions of heal wounds
 f - a potion of haste
 g - 4 potions of magic
 h - a potion of berserk rage
 k - a potion of invisibility
Comestibles
 c - a ration
 j - 4 chunks of flesh


   Skills:
 + Level 8.3 Fighting
 + Level 8.2 Axes
 + Level 4.8 Armour
 + Level 4.3 Dodging


You had 5 spell levels left.
You didn't know any spells.

Dungeon Overview and Level Annotations

Branches:
Dungeon (1/1)

Altars:
Cheibriados
Dithmenos
Elyvilon
Fedhas
Gozag
Hepliaklqana
Kikubaaqudgha
Makhleb
Nemelex Xobeh
Okawaru
Qazlal
Ru
Sif Muna
Trog
Uskayaw
Vehumet
Wu Jian
Xom
Yredelemnul
Zin
The Shining One
Beogh
Jiyva
Lugonu


Innate Abilities, Weirdness & Mutations

You are resistant to torment.
Your stone body is resilient. (AC +4)
You are immune to poison.
You resist negative energy. (rN+)
You are resistant to electric shocks. (rElec)
You can survive without breathing.
You are immune to petrification.
You are immune to rotting.


Message History

* * * LOW HITPOINT WARNING * * *
Something bites you but does no damage.
You miss something. Something hits you.
* * * LOW HITPOINT WARNING * * *
Something bites you but does no damage. Something hits you but does no damage.
Something bites you but does no damage.
You hit something but do no damage.
You hear some strange, mumbled words.
You are confused.
Something hits you but does no damage. Something bites you but does no damage.
You miss something. Something hits you but does no damage. Something bites you.
* * * LOW HITPOINT WARNING * * *
Something hits you but does no damage. Something bites you but does no damage.
You bump into the unnaturally hard rock wall.
Something hits you but does no damage. Something bites you.
* * * LOW HITPOINT WARNING * * *
Something hits you but does no damage. Something bites you but does no damage.
You bump into the unnaturally hard rock wall.
Something hits you.
You die...

▓.▓
▓?▓
▓|▓
▓)▓
▓[▓
▓[▓
▓.▓
▓.▓
▓@▓
▓)▓
▓Z▓
▓.▓
▓.▓
▓.▓
▓.▓
▓.▓
▓+▓


You could see a quokka zombie.

Vanquished Creatures
  3 ogres (D)
  A gnoll (D)
  A shadow imp (D)
  2 leopard geckos (D)
  An orc (D)
  A bat zombie (D)
  A goblin (D)
  A jackal (D)
  A quokka (D)
  A ball python (D)
  A frilled lizard (D)
14 creatures vanquished.

Notes
Turn   | Place    | Note
-------+----------+-------------------------------------------
     0 | D        | Fang the Gargoyle Berserker began the quest for the Orb.
     0 | D        | Reached XP level 1. HP: 14/14 MP: 1/1
     9 | D        | Reached ** piety under Trog
    20 | D        | Reached XP level 2. HP: 18/20 MP: 2/2
    46 | D        | Noticed an ogre
    53 | D        | Reached *** piety under Trog
    53 | D        | Reached XP level 3. HP: 25/25 MP: 3/3
    60 | D        | Killed an ogre
    60 | D        | Reached XP level 4. HP: 32/32 MP: 4/4
    62 | D        | Received a gift from Trog
   103 | D        | Found a roughly hewn altar of Beogh.
   103 | D        | Found a snail-covered altar of Cheibriados.
   103 | D        | Found a shadowy altar of Dithmenos.
   103 | D        | Found a white marble altar of Elyvilon.
   103 | D        | Found a blossoming altar of Fedhas.
   103 | D        | Found an opulent altar of Gozag.
   104 | D        | Found a hazy altar of Hepliaklqana.
   105 | D        | Found a viscous altar of Jiyva.
   106 | D        | Found an ancient bone altar of Kikubaaqudgha.
   107 | D        | Found a corrupted altar of Lugonu.
   108 | D        | Found a burning altar of Makhleb.
   109 | D        | Found a sparkling altar of Nemelex Xobeh.
   110 | D        | Found an iron altar of Okawaru.
   111 | D        | Found a stormy altar of Qazlal.
   112 | D        | Found a sacrificial altar of Ru.
   113 | D        | Found a deep blue altar of Sif Muna.
   114 | D        | Found a bloodstained altar of Trog.
   115 | D        | Found a hide-covered altar of Uskayaw.
   116 | D        | Found a radiant altar of Vehumet.
   117 | D        | Found an ornate altar of the Wu Jian Council.
   118 | D        | Found a shimmering altar of Xom.
   119 | D        | Found a basalt altar of Yredelemnul.
   120 | D        | Found a glowing silver altar of Zin.
   121 | D        | Found a glowing golden altar of the Shining One.
   168 | D        | Noticed an ogre
   168 | D        | Noticed an ogre
   168 | D        | Noticed a vampire
   170 | D        | Reached XP level 5. HP: 37/37 MP: 5/5
   172 | D        | Reached **** piety under Trog
   174 | D        | Killed an ogre
   176 | D        | Killed an ogre
   176 | D        | Reached XP level 6. HP: 45/45 MP: 6/6
   197 | D        | Slain by a vampire

Skill      XL: |  1  2  3  4  5 |
---------------+----------------+-----
Axes           | 3 4 6 8 |  8.2
Fighting       | 4 6 8 |  8.3
Dodging        | 2 3 4 |  4.3
Armour         | 3 4 |  4.8

Action                   |  1- 3 |  4- 6 || total
-------------------------+-------+-------++-------
Melee: Hand axe          |    28 |     2 ||    30
       Broad axe         |       |    20 ||    20
Invok: Berserk           |     1 |     1 ||     2
Armor: Animal skin       |     7 |       ||     7
       Plate armour      |       |    23 ||    23
Dodge: Dodged            |    20 |     3 ||    23
